| TOP OF THE 1ST |
|
Washington Senators batting - Pitching for New York Mets : LHP Tom Glavine
|
|
Pitching: LHP Tom Glavine
|
|
|
Batting: RHB Kevin Sefcik
|
0-0: Swinging Strike 0-1: Ball 1-1: Swinging Strike 1-2: Ball 2-2: Foul Ball, location: 2F 2-2: Ground out 6-3 (Groundball, 4M, EV 83.8 MPH)
|
|
Batting: RHB Vladimir Guerrero
|
0-0: Foul Ball, location: 2F 0-1: Ground out 5-3 (Groundball, 56S, EV 85.0 MPH)
|
|
Batting: RHB Alex Rodriguez
|
0-0: Ground out 6-3 (Groundball, 6, EV 85.0 MPH)
|
| Top of the 1st over - 0 runs, 0 hits, 0 errors, 0 left on base; Washington 0 - New York 0 |
| BOTTOM OF THE 1ST |
|
New York Mets batting - Pitching for Washington Senators : LHP Andy Pettitte
|
|
Pitching: LHP Andy Pettitte
|
|
|
Batting: LHB Cliff Floyd
|
0-0: Swinging Strike 0-1: Ball 1-1: Swinging Strike 1-2: Ball 2-2: Foul Ball, location: 2F 2-2: Foul Ball, location: 2F 2-2: Strikes out looking
|
|
Batting: RHB Magglio Ordonez
|
0-0: Foul Ball, location: 2F 0-1: Ball 1-1: Fly out, F8 (Flyball, 8RXD, EV 95.6 MPH)
|
|
Batting: RHB Gary Sheffield
|
0-0: Foul Ball, location: 2F 0-1: Called Strike 0-2: Foul Ball, location: 2F 0-2: SINGLE (Groundball, 56D, EV 98.8 MPH)
|
|
Batting: RHB Sammy Sosa
|
0-0: Ball 1-0: 2-RUN HOME RUN (Flyball, 89XD, EV 96.3 MPH), Distance : 383 ft
|
|
Batting: RHB Phil Nevin
|
0-0: Ball 1-0: Ball 2-0: Called Strike 2-1: Foul Ball, location: 2F 2-2: Ball 3-2: Foul Ball, location: 2F 3-2: Base on Balls
|
|
Batting: RHB Greg Colbrunn
|
0-0: Called Strike 0-1: Ball 1-1: Called Strike 1-2: Strikes out swinging
|
| Bottom of the 1st over - 2 runs, 2 hits, 0 errors, 1 left on base; Washington 0 - New York 2 |
| TOP OF THE 2ND |
|
Washington Senators batting - Pitching for New York Mets : LHP Tom Glavine
|
|
Batting: RHB Albert Belle
|
0-0: Foul Ball, location: 2F 0-1: Fly out, F8 (Flyball, 8LXD, EV 95.0 MPH)
|
|
Batting: RHB Eric Davis
|
0-0: Ball 1-0: Called Strike 1-1: Ball 2-1: Called Strike 2-2: Ball 3-2: Base on Balls
|
|
Batting: RHB Freddy F Garcia
|
0-0: Called Strike 0-1: Ball 1-1: Ball 2-1: Reached on error, E9 (Flyball, 9S, EV 95.6 MPH) Eric Davis to second
|
|
Batting: RHB Marty Cordova
|
0-0: Ball 1-0: Foul Ball, location: 2F 1-1: Foul Ball, location: 2F 1-2: DOUBLE (Flyball, 78D, EV 105.6 MPH) Eric Davis scores Freddy F Garcia to third Runner from 3rd tries for Home, SAFE, no throw by LF
|
|
Batting: SHB Mickey Tettleton
|
0-0: Called Strike 0-1: Foul Ball, location: 2F 0-2: Ground out 5-3 (Groundball, 56S, EV 87.5 MPH)
|
|
Batting: RHB Ernie Young
|
0-0: Ball 1-0: Foul Ball, location: 2F 1-1: Ball 2-1: Ball 3-1: Base on Balls
|
|
Batting: RHB Kevin Sefcik
|
0-0: Ball 1-0: Foul Ball, location: 2F 1-1: Ground out 4-3 (Groundball, 4, EV 78.1 MPH)
|
| Top of the 2nd over - 2 runs, 1 hit, 1 error, 2 left on base; Washington 2 - New York 2 |
| BOTTOM OF THE 2ND |
|
New York Mets batting - Pitching for Washington Senators : LHP Andy Pettitte
|
|
Batting: RHB Bret Boone
|
0-0: Called Strike 0-1: Ball 1-1: Called Strike 1-2: Ball 2-2: Reached on error, E4 (Flyball, 34D, EV 83.1 MPH)
|
|
Batting: RHB Olmedo Saenz
|
0-0: DOUBLE (Line Drive, 78M, EV 107.5 MPH) Bret Boone to third
|
|
Batting: LHB B.J. Surhoff
|
0-0: Fly out, F7 (Flyball, 7LMF, EV 80.6 MPH) Runner from 3rd tags up, OUT at HOME! 7-2 Olmedo Saenz to third
|
|
Batting: LHB Cliff Floyd
|
0-0: Ball 1-0: Ball 2-0: Called Strike 2-1: Swinging Strike 2-2: Strikes out swinging
|
| Bottom of the 2nd over - 0 runs, 1 hit, 1 error, 1 left on base; Washington 2 - New York 2 |
| TOP OF THE 3RD |
|
Washington Senators batting - Pitching for New York Mets : LHP Tom Glavine
|
|
Batting: RHB Vladimir Guerrero
|
0-0: Foul Ball, location: 2F 0-1: Ball 1-1: Ball 2-1: Ball 3-1: Swinging Strike 3-2: Fly out, F6 (Popup, 56, EV 70.0 MPH)
|
|
Batting: RHB Alex Rodriguez
|
0-0: Ball 1-0: Foul Ball, location: 2F 1-1: Ball 2-1: Foul Ball, location: 2F 2-2: Ground out 6-3 (Groundball, 6, EV 96.9 MPH)
|
|
Batting: RHB Albert Belle
|
0-0: Called Strike 0-1: Foul Ball, location: 2F 0-2: Foul Ball, location: 2F 0-2: Ball 1-2: Strikes out swinging
|
| Top of the 3rd over - 0 runs, 0 hits, 0 errors, 0 left on base; Washington 2 - New York 2 |
| BOTTOM OF THE 3RD |
|
New York Mets batting - Pitching for Washington Senators : LHP Andy Pettitte
|
|
Batting: RHB Magglio Ordonez
|
0-0: Fly out, F7 (Flyball, 7D, EV 81.3 MPH)
|
|
Batting: RHB Gary Sheffield
|
0-0: Foul Ball, location: 2F 0-1: Swinging Strike 0-2: SOLO HOME RUN (Flyball, 7D, EV 101.9 MPH), Distance : 375 ft
|
|
Batting: RHB Sammy Sosa
|
0-0: Called Strike 0-1: Swinging Strike 0-2: Ball 1-2: Ball 2-2: Strikes out swinging
|
|
Batting: RHB Phil Nevin
|
0-0: Ball 1-0: Ball 2-0: Ball 3-0: Base on Balls
|
|
Batting: RHB Greg Colbrunn
|
0-0: Ground out 4-3 (Groundball, 4, EV 87.5 MPH)
|
| Bottom of the 3rd over - 1 run, 1 hit, 0 errors, 1 left on base; Washington 2 - New York 3 |
| TOP OF THE 4TH |
|
Washington Senators batting - Pitching for New York Mets : LHP Tom Glavine
|
|
Batting: RHB Eric Davis
|
0-0: Ball 1-0: Foul Ball, location: 2F 1-1: Ball 2-1: Called Strike 2-2: Ball 3-2: Base on Balls
|
|
Batting: RHB Freddy F Garcia
|
0-0: Called Strike 0-1: Swinging Strike 0-2: Ball 1-2: Fielders Choice at 2nd, 1-4 (Groundball, 25, EV 83.8 MPH)
|
|
Batting: RHB Marty Cordova
|
0-0: Ball 1-0: Foul Ball, location: 2F 1-1: Ball 2-1: SINGLE (Line Drive, 34D, EV 103.8 MPH) Freddy F Garcia to second Runner from 2nd tries for 3rd, SAFE, throw by RF made to third
|
|
Batting: SHB Mickey Tettleton
|
0-0: Ball 1-0: Ball 2-0: Called Strike 2-1: Called Strike 2-2: Ball 3-2: Strikes out swinging
|
|
Batting: RHB Ernie Young
|
0-0: Called Strike 0-1: Ball 1-1: Ball 2-1: Foul Ball, location: 2F 2-2: Strikes out swinging
|
| Top of the 4th over - 0 runs, 1 hit, 0 errors, 2 left on base; Washington 2 - New York 3 |
| BOTTOM OF THE 4TH |
|
New York Mets batting - Pitching for Washington Senators : LHP Andy Pettitte
|
|
Batting: RHB Bret Boone
|
0-0: Foul Ball, location: 2F 0-1: Fly out, F3 (Popup, 34S, EV 76.9 MPH)
|
|
Batting: RHB Olmedo Saenz
|
0-0: Foul Ball, location: 2F 0-1: DOUBLE (Line Drive, 89D, EV 110.6 MPH)
|
|
Batting: LHB B.J. Surhoff
|
0-0: Called Strike 0-1: Called Strike 0-2: Fly out, F8 (Flyball, 78M, EV 91.9 MPH)
|
|
Batting: LHB Cliff Floyd
|
0-0: Called Strike 0-1: Ball 1-1: Ball 2-1: Called Strike 2-2: Strikes out swinging
|
| Bottom of the 4th over - 0 runs, 1 hit, 0 errors, 1 left on base; Washington 2 - New York 3 |
| TOP OF THE 5TH |
|
Washington Senators batting - Pitching for New York Mets : LHP Tom Glavine
|
|
Batting: RHB Kevin Sefcik
|
0-0: Called Strike 0-1: Ground out 4-3 (Groundball, 4, EV 85.0 MPH)
|
|
Batting: RHB Vladimir Guerrero
|
0-0: Ground out U3 (Groundball, 3, EV 79.4 MPH)
|
|
Batting: RHB Alex Rodriguez
|
0-0: Ball 1-0: Ground out 6-3 (Groundball, 6, EV 80.6 MPH)
|
| Top of the 5th over - 0 runs, 0 hits, 0 errors, 0 left on base; Washington 2 - New York 3 |
| BOTTOM OF THE 5TH |
|
New York Mets batting - Pitching for Washington Senators : LHP Andy Pettitte
|
|
Batting: RHB Magglio Ordonez
|
0-0: Foul Ball, location: 2F 0-1: Swinging Strike 0-2: Ground out 4-3 (Groundball, 4, EV 106.9 MPH)
|
|
Batting: RHB Gary Sheffield
|
0-0: Ball 1-0: Swinging Strike 1-1: Ball 2-1: Called Strike 2-2: Ball 3-2: Base on Balls
|
|
Batting: RHB Sammy Sosa
|
0-0: Fly out, F5 (Popup, 25, EV 91.3 MPH)
|
|
Batting: RHB Phil Nevin
|
0-0: Swinging Strike 0-1: Ball 1-1: Fielders Choice at 2nd, 6-4 (Groundball, 6, EV 80.0 MPH)
|
| Bottom of the 5th over - 0 runs, 0 hits, 0 errors, 1 left on base; Washington 2 - New York 3 |
| TOP OF THE 6TH |
|
Washington Senators batting - Pitching for New York Mets : LHP Tom Glavine
|
|
Batting: RHB Albert Belle
|
0-0: Ball 1-0: Called Strike 1-1: Ball 2-1: Called Strike 2-2: Foul Ball, location: 2F 2-2: Foul Ball, location: 2F 2-2: Foul Ball, location: 2F 2-2: Foul Ball, location: 2F 2-2: SINGLE (Groundball, 56, EV 103.1 MPH) (infield hit)
|
|
Batting: RHB Eric Davis
|
0-0: Ball 1-0: Swinging Strike 1-1: Foul Ball, location: 2F 1-2: Strikes out swinging
|
|
Batting: RHB Freddy F Garcia
|
0-0: Called Strike 0-1: Foul Ball, location: 2F 0-2: Ball 1-2: SINGLE (Groundball, 15S, EV 66.9 MPH) (infield hit) Albert Belle to second
|
|
Batting: RHB Marty Cordova
|
0-0: Called Strike 0-1: Ball 1-1: Ball 2-1: Swinging Strike 2-2: Strikes out swinging
|
|
Batting: SHB Mickey Tettleton
|
0-0: Ball 1-0: Ball 2-0: Ball 3-0: Base on Balls Albert Belle to third Freddy F Garcia to second
|
|
Batting: RHB Ernie Young
|
0-0: Ball 1-0: Foul Ball, location: 2F 1-1: Ball 2-1: Foul Ball, location: 2F 2-2: Foul Ball, location: 2F 2-2: Ball 3-2: Foul Ball, location: 2F 3-2: Foul Ball, location: 2F 3-2: Base on Balls Albert Belle scores Freddy F Garcia to third Mickey Tettleton to second
|
|
Batting: RHB Kevin Sefcik
|
0-0: Ball 1-0: Swinging Strike 1-1: Called Strike 1-2: Foul Ball, location: 2F 1-2: Ball 2-2: Strikes out looking
|
| Top of the 6th over - 1 run, 2 hits, 0 errors, 3 left on base; Washington 3 - New York 3 |
| BOTTOM OF THE 6TH |
|
New York Mets batting - Pitching for Washington Senators : LHP Andy Pettitte
|
|
Batting: RHB Greg Colbrunn
|
0-0: Called Strike 0-1: Ball 1-1: Called Strike 1-2: Ball 2-2: Foul Ball, location: 2F 2-2: Ball 3-2: Strikes out looking
|
|
Batting: RHB Bret Boone
|
0-0: Called Strike 0-1: Swinging Strike 0-2: Ground out 5-3 (Groundball, 56, EV 96.9 MPH)
|
|
Batting: RHB Olmedo Saenz
|
0-0: Foul Ball, location: 2F 0-1: Foul Ball, location: 2F 0-2: Ball 1-2: Ball 2-2: Fly out, F7 (Flyball, 7D, EV 84.4 MPH)
|
| Bottom of the 6th over - 0 runs, 0 hits, 0 errors, 0 left on base; Washington 3 - New York 3 |
| TOP OF THE 7TH |
|
Washington Senators batting - Pitching for New York Mets : LHP Tom Glavine
|
|
Batting: RHB Vladimir Guerrero
|
0-0: Ball 1-0: Fly out, F9 (Flyball, 89D, EV 103.8 MPH)
|
|
Batting: RHB Alex Rodriguez
|
0-0: Ball 1-0: Called Strike 1-1: Called Strike 1-2: Ball 2-2: Ball 3-2: Foul Ball, location: 2F 3-2: DOUBLE (Flyball, 8LXD, EV 111.9 MPH)
|
|
Pitching: RHP Jim Bullinger
|
|
|
Batting: RHB Albert Belle
|
0-0: Called Strike 0-1: Fly out, F8 (Flyball, 8RS, EV 75.0 MPH)
|
|
Batting: RHB Eric Davis
|
0-0: Called Strike 0-1: DOUBLE (Flyball, 8RXD, EV 102.5 MPH) Alex Rodriguez scores
|
|
Batting: RHB Freddy F Garcia
|
0-0: Ball 1-0: Foul Ball, location: 2F 1-1: Ball 2-1: Ball 3-1: Base on Balls
|
|
Batting: RHB Marty Cordova
|
0-0: Ball 1-0: Ball 2-0: Foul Ball, location: 2F 2-1: Ball 3-1: Swinging Strike 3-2: Foul Ball, location: 2F 3-2: SINGLE (Line Drive, 7S, EV 91.3 MPH) Eric Davis to third Freddy F Garcia to second Eric Davis scores Freddy F Garcia to third
|
|
Batting: SHB Mickey Tettleton
|
0-0: Ball 1-0: Ball 2-0: Ball 3-0: Called Strike 3-1: Fielders Choice at 2nd, 5-4 (Groundball, 5L, EV 91.9 MPH)
|
| Top of the 7th over - 2 runs, 3 hits, 0 errors, 2 left on base; Washington 5 - New York 3 |
| BOTTOM OF THE 7TH |
|
New York Mets batting - Pitching for Washington Senators : LHP Andy Pettitte
|
|
Batting: LHB B.J. Surhoff
|
0-0: Ground out U3 (Groundball, 34, EV 85.6 MPH)
|
|
Batting: LHB Cliff Floyd
|
0-0: Ground out 4-3 (Groundball, 4, EV 100.0 MPH)
|
|
Batting: RHB Magglio Ordonez
|
0-0: Ball 1-0: Swinging Strike 1-1: Ball 2-1: Ball 3-1: Base on Balls
|
|
Pitching: LHP Dan Plesac
|
|
|
Batting: RHB Gary Sheffield
|
0-0: Called Strike 0-1: Ball 1-1: Swinging Strike 1-2: Ball 2-2: Ball 3-2: Base on Balls Magglio Ordonez to second
|
|
Batting: RHB Sammy Sosa
|
0-0: Called Strike 0-1: SINGLE (Groundball, 6MD, EV 107.5 MPH) Magglio Ordonez to third Gary Sheffield to second Runner from 3rd tries for Home, SAFE, no throw by CF
|
|
Batting: RHB Phil Nevin
|
0-0: Called Strike 0-1: Called Strike 0-2: Ball 1-2: Ball 2-2: Foul Ball, location: 2F 2-2: Foul Ball, location: 2F 2-2: Foul Ball, location: 2F 2-2: Strikes out looking
|
| Bottom of the 7th over - 1 run, 1 hit, 0 errors, 2 left on base; Washington 5 - New York 4 |
| TOP OF THE 8TH |
|
Washington Senators batting - Pitching for New York Mets : RHP Jim Bullinger
|
|
Batting: RHB Ernie Young
|
0-0: Called Strike 0-1: Ball 1-1: Foul Ball, location: 2F 1-2: Strikes out swinging
|
|
Batting: RHB Kevin Sefcik
|
0-0: Called Strike 0-1: Ball 1-1: Swinging Strike 1-2: Ball 2-2: Ground out 4-3 (Groundball, 4, EV 107.5 MPH)
|
|
Batting: RHB Vladimir Guerrero
|
0-0: Hit by Pitch
|
|
Batting: RHB Alex Rodriguez
|
0-0: Ball 1-0: Ball 2-0: Foul Ball, location: 2F 2-1: Ball 3-1: Fly out, F9 (Flyball, 9, EV 78.8 MPH)
|
| Top of the 8th over - 0 runs, 0 hits, 0 errors, 1 left on base; Washington 5 - New York 4 |
| BOTTOM OF THE 8TH |
|
New York Mets batting - Pitching for Washington Senators : LHP Dan Plesac
|
|
Batting: RHB Greg Colbrunn
|
0-0: SINGLE (Flyball, 8LS, EV 91.9 MPH)
|
|
Batting: RHB Bret Boone
|
0-0: Ball 1-0: Ball 2-0: Bunt missed! 2-1: Ball 3-1: Bunt missed! 3-2: Fielders Choice at 2nd, 6-4 (Groundball, 6, EV 84.4 MPH)
|
|
Batting: RHB Olmedo Saenz
|
0-0: Ball 1-0: Ball 2-0: Fly out, F8 (Flyball, 8LS, EV 83.8 MPH)
|
|
Batting: LHB B.J. Surhoff
|
0-0: Ball 1-0: Ground out 1-3 (Groundball, 34S, EV 88.8 MPH)
|
| Bottom of the 8th over - 0 runs, 1 hit, 0 errors, 1 left on base; Washington 5 - New York 4 |
| TOP OF THE 9TH |
|
Washington Senators batting - Pitching for New York Mets : RHP Jim Bullinger
|
|
Batting: RHB Albert Belle
|
0-0: Called Strike 0-1: Ball 1-1: Ball 2-1: Ground out 5-3 (Groundball, 56S, EV 84.4 MPH)
|
|
Batting: RHB Eric Davis
|
0-0: Ball 1-0: SINGLE (Groundball, 4MD, EV 95.6 MPH)
|
|
Batting: RHB Freddy F Garcia
|
0-0: Ball 1-0: Foul Ball, location: 2F 1-1: Foul Ball, location: 2F 1-2: Ball 2-2: Grounds into double play, 6-4-3 (Groundball, 6, EV 77.5 MPH)
|
| Top of the 9th over - 0 runs, 1 hit, 0 errors, 0 left on base; Washington 5 - New York 4 |
| BOTTOM OF THE 9TH |
|
New York Mets batting - Pitching for Washington Senators : LHP Dan Plesac
|
|
Pitching: RHP Troy Percival
|
|
|
Batting: LHB Cliff Floyd
|
0-0: Called Strike 0-1: Foul Ball, location: 2F 0-2: Strikes out swinging
|
|
Batting: RHB Magglio Ordonez
|
0-0: Called Strike 0-1: Swinging Strike 0-2: Ball 1-2: Ball 2-2: Foul Ball, location: 2F 2-2: Strikes out looking
|
|
Batting: RHB Gary Sheffield
|
0-0: Called Strike 0-1: Foul Ball, location: 2F 0-2: Strikes out looking
|
| Bottom of the 9th over - 0 runs, 0 hits, 0 errors, 0 left on base; Washington 5 - New York 4 |
|